 Dungeon Crawl Stone Soup version 0.28.0-62-gf88900778d (webtiles) character file.

Game seed: 428344411279556763

235 jjjjhere the Ruffian (level 6, -10/51 HPs)
             Began as a Ghoul Fighter on Feb 17, 2024.
             Killed from afar by a steam dragon (17 damage)
             ... with a ball of steam
             ... on level 3 of the Dungeon.
             The game lasted 00:04:38 (3010 turns).

jjjjhere the Ruffian (Ghoul Fighter)                Turns: 3010, Time: 00:04:39

Health: -10/51     AC:  7    Str: 22    XL:     6   Next: 6%
Magic:  5/5        EV:  9    Int:  3    God:
Gold:   104        SH:  4    Dex:  8    Spells: 5/5 levels left

rFire   . . .      SeeInvis .     - Unarmed
rCold   + . .      Faith    .   b - +0 buckler
rNeg    + + +      Spirit   .   a - +0 scale mail
rPois   ∞          Reflect  .   (no helmet)
rElec   .          Harm     .   p - +0 cloak
rCorr   .          Rampage  .   (no gloves)
Will    .....                   (no boots)
Stlth   ..........              (no amulet)
HPRegen 0.00/turn               (no ring)
MPRegen 0.09/turn               (no ring)

@: mighty, brilliant, inhibited regen
A: claws 1, cold resistance 1, negative energy resistance 3, inhibited
regeneration, torment resistance 2
a: no special abilities


You were on level 3 of the Dungeon.
You visited 1 branch of the dungeon, and saw 4 of its levels.

You collected 104 gold pieces.

Inventory:

Armour
 a - a +0 scale mail (worn)
 b - a +0 buckler (worn)
 p - a +0 cloak (worn)
Jewellery
 o - a ring of flight
Wands
 n - a wand of flame (29)
Scrolls
 e - 4 scrolls of identify {unknown}
 f - a scroll of brand weapon {unknown}
 g - 3 scrolls of teleportation {unknown}
 h - a scroll of magic mapping {unknown}
 i - a scroll of blinking {unknown}
 j - a scroll of amnesia {unknown}
 l - a scroll of torment {unknown}
 m - 2 scrolls of immolation {unknown}
Potions
 d - 2 potions of brilliance


   Skills:
 - Level 3.2 Fighting
 - Level 2.6 Armour
 - Level 2.6 Shields
 + Level 6.7 Unarmed Combat


You had 5 spell levels left.
You didn't know any spells.
Your spell library was empty.

Dungeon Overview and Level Annotations

Branches:
Dungeon (4/15)
 Temple: D:4-7

Altars:

Shops:
D:1 =*!!!

Annotations:
D:2 Sigmund


Innate Abilities, Weirdness & Mutations

You thrive by killing the living.
You are immune to poison.
You have sharp fingernails.
Your flesh is cold resistant. (rC+)
You are immune to negative energy. (rN+++)
You do not regenerate when monsters are visible.
You are immune to unholy pain and torment.


Message History

You climb upwards.
There is a stone staircase leading down here.
You start waiting.
Done waiting.
You climb downwards.
There is a stone staircase leading up here.
The steam dragon bites you.
The steam dragon claws you but does no damage.
You climb upwards.
There is a stone staircase leading down here.
You closely miss the steam dragon. The steam dragon breathes steam at you.
The ball of steam hits you!
You are too injured to fight recklessly!
You are too injured to fight recklessly!
The steam dragon breathes steam at you. The ball of steam hits you!!
* * * LOW HITPOINT WARNING * * *
You barely miss the steam dragon.
You are engulfed in a cloud of scalding steam.
* * * LOW HITPOINT WARNING * * *
The steam dragon completely misses you. You block the steam dragon's attack.
The steam dragon bites you.
* * * LOW HITPOINT WARNING * * *
You block the steam dragon's attack.
You scratch the steam dragon but do no damage.
The steam dragon bites you.
* * * LOW HITPOINT WARNING * * *
The steam dragon claws you but does no damage.
It was a potion of brilliance.
You feel clever all of a sudden. You block the steam dragon's attack.
The steam dragon claws you but does no damage.
It was a potion of curing.
You feel better. The steam dragon barely misses you.
The steam dragon claws you.
* * * LOW HITPOINT WARNING * * *
You feel very mighty all of a sudden. The steam dragon breathes steam at you.
The ball of steam hits you!
You die...

#...##.....#............##...####
...........#........#.##.........
..#.##.....#.##.....#.##......(..
.##.##.....#.##.....#.##..#######
...........#.##.....#.##..#
.#####.....#..............# .#
#.....####.....#.....####### .#
#..............#.###........ .#
#......####@D..#..........##
.#########........>.......####...
............##...)....##..#.##.##
.#######.#####............#.##.#
.# #.# #........##..#.##.# .# #.#
#........##..#.##.## ##
#.##########+#.##....##...
#####.....# #.#.##.........
####...#.....# #.......#.##.##


You could see a steam dragon (catching breath).

Vanquished Creatures
  Jessica (D:2)
  An iguana (D:3)
  An orc wizard (D:3)
  A hound zombie (D:4)
  A gnoll (D:3)
  6 adders
  An adder skeleton (D:4)
  2 dart slugs
  5 orcs (D:3)
  5 ball pythons
  6 endoplasms (D:1)
  3 giant cockroaches
  3 goblins
  6 hobgoblins
  10 jackals
  2 quokkas
  4 bats
  4 frilled lizards
  7 kobolds
  3 rats
72 creatures vanquished.

Vanquished Creatures (others)
  A ball python (D:4)
  6 withered plants (D:4)
7 creatures vanquished.

Grand Total: 79 creatures vanquished

Notes
Turn   | Place    | Note
-------+----------+-------------------------------------------
     0 | D:1      | jjjjhere the Ghoul Fighter began the quest for the Orb.
     0 | D:1      | Reached XP level 1. HP: 19/19 MP: 0/0
   105 | D:1      | Reached XP level 2. HP: 26/26 MP: 1/1
   112 | D:1      | Reached skill level 3 in Unarmed Combat
   331 | D:1      | Found Betey's Distillery.
   354 | D:1      | Found Iloequeh's Jewellery Emporium.
   355 | D:1      | Found Tackyrre's General Store.
   463 | D:1      | Reached XP level 3. HP: 31/31 MP: 2/2
   486 | D:1      | Found Weowax's Distillery.
   600 | D:1      | Reached skill level 4 in Unarmed Combat
   634 | D:1      | Found Ziatuxoe's Distillery.
   861 | D:2      | Noticed Jessica
   868 | D:2      | Killed Jessica
   869 | D:2      | Reached XP level 4. HP: 36/38 MP: 3/3
   955 | D:2      | Noticed Sigmund
  1264 | D:2      | Reached skill level 5 in Unarmed Combat
  1576 | D:3      | Reached XP level 5. HP: 41/45 MP: 4/4
  1692 | D:3      | Reached skill level 6 in Unarmed Combat
  1721 | D:3      | HP: 14/45 [something (2)]
  2607 | D:4      | Reached XP level 6. HP: 51/51 MP: 5/5
  2791 | D:4      | Noticed a steam dragon
  3004 | D:3      | HP: 10/51 [steam dragon/ball of steam (21)]
  3007 | D:3      | HP: 2/51 [steam dragon (5)]
  3010 | D:3      | Killed from afar by a steam dragon

Illustrated notes

Levels and vault maps discovered:
D:1:      dpeg_arrival_round_a, layout_basic, serial_shops, nicolae_square_shop,
          nicolae_shop_crystal, shop, shop, shop, grunt_decor_junction
D:2:      layout_rooms, dilly_ecumenical_altar_fadedgnrine, uniq_sigmund,
          uniq_jessica
D:3:      layout_basic, serial_park_tiny_2
D:4:      layout_loops_corners, serial_undead, serial_undead_d, serial_undead_b,
          serial_undead_a, serial_undead_c, serial_undead_c, serial_undead_c

Skill      XL: |  1  2  3  4  5 |
---------------+----------------+-----
Unarmed Combat | 3 4 5 6 |  6.7
Fighting       | |  3.2
Armour         | |  2.6
Shields        | |  2.6

Action                   |  1- 3 |  4- 6 || total
-------------------------+-------+-------++-------
Melee: Unarmed           |    75 |   160 ||   235
  Use: Potion            |       |     3 ||     3
Armor: Scale mail        |    19 |    64 ||    83
Dodge: Dodged            |    16 |    74 ||    90
Block: Buckler           |     9 |    25 ||    34
